 Dungeon Crawl Stone Soup version 0.31-a0-344-gd109795599 (webtiles) character file.

Game seed: 3332330569832393970

1976 AdnanSaban the Basher (level 9, 0/55 HPs)
             Began as a Gargoyle Fighter on July 22, 2023.
             Was a Follower of Okawaru.
             Slain by a killer bee (4 damage)
             ... on level 7 of the Dungeon.
             The game lasted 00:05:46 (5656 turns).

AdnanSaban the Basher (Gargoyle Fighter)            Turns: 5656, Time: 00:05:47

Health: 0/55       AC: 25    Str: 25    XL:     9   Next: 20%
Magic:  9/9        EV:  7    Int:  8    God:    Okawaru [*.....]
Gold:   483        SH:  5    Dex:  9    Spells: 8/8 levels left

rFire   . . .        a - +0 flail
rCold   + . .        c - +0 buckler
rNeg    + . .        e - +0 plate armour
rPois   ∞            l - +2 hat
rElec   +            (no cloak)
rCorr   .            (no gloves)
SInv    .            (no boots)
Will    .....        (no amulet) Stlth
                     D - +4 ring of protection
HPRegen 0.29/turn    H - ring of protection from cold
MPRegen 0.11/turn

%: no passive effects
@: no status effects
A: sickness immunity, AC +6, negative energy resistance 1, electricity
resistance, torment resistance 1, petrification resistance
a: Renounce Religion, Heroism


You were on level 7 of the Dungeon.
You worshipped Okawaru.
Okawaru was aware of your devotion.
You visited 2 branches of the dungeon, and saw 8 of its levels.

You collected 483 gold pieces.

Inventory:

Hand Weapons
 a - a +0 flail (weapon)
Missiles
 G - 2 atropa-tipped darts (quivered)
Armour
 c - a +0 buckler (worn)
 e - a +0 plate armour (worn)
 l - a +2 hat (worn)
Jewellery
 D - a +4 ring of protection (left hand)
 H - a ring of protection from cold (right hand)
Wands
 u - a wand of polymorph (6)
 v - a wand of flame (28)
 z - a wand of mindburst (11)
Scrolls
 b - 5 scrolls of teleportation {unknown}
 f - a scroll of torment {unknown}
 g - 2 scrolls of fog {unknown}
 i - a scroll of summoning {unknown}
 k - a scroll of amnesia {unknown}
 n - 8 scrolls of identify {unknown}
 o - a scroll of fear {unknown}
 p - a scroll of enchant armour {unknown}
 r - 2 scrolls of immolation {unknown}
 t - a scroll of poison {unknown}
 w - a scroll of brand weapon {unknown}
 y - a scroll of vulnerability {unknown}
 A - 2 scrolls of enchant weapon {unknown}
 E - 3 scrolls of blinking {unknown}
Potions
 d - 3 potions of might
 h - 2 potions of lignification {unknown}
 j - a potion of cancellation {unknown}
 m - 3 potions of heal wounds {unknown}
 q - 7 potions of curing {unknown}
 s - a potion of degeneration {unknown}
 C - a potion of enlightenment {unknown}
 F - a potion of haste {unknown}


   Skills:
 + Level 6.1 Fighting
 + Level 8.0 Maces & Flails
 + Level 6.7 Armour
 + Level 0.9 Dodging
 + Level 6.2 Shields


You had 8 spell levels left.
You didn't know any spells.
Your spell library contained the following spells:

 Spells                   Type           Power      Damage    Failure   Level
 Shock                    Conj/Air       0%         1d3       100%        1
 Dazzling Flash           Conj/Hex       0%         N/A       100%        3
 Swiftness                Air            0%         N/A       100%        3
 Volatile Blastmotes      Fire/Tloc      0%         2d10      100%        3
 Airstrike                Air            0%         2d(0-16)  100%        4
 Starburst                Conj/Fire      0%         6d3       100%        6
 Maxwell's Capacitive Co  Air            0%         ∞         100%        8


Dungeon Overview and Level Annotations

Branches:
Dungeon (7/15)             Temple (1/1) D:6

Altars:
Ashenzari
Cheibriados
Elyvilon
Fedhas
Gozag
Hepliaklqana
Kikubaaqudgha
Makhleb
Nemelex Xobeh
Okawaru
Ru
Sif Muna
Trog
Uskayaw
Vehumet
Xom
Zin
The Shining One

Shops:
D:1 (   D:4 :


Innate Abilities, Weirdness & Mutations

You are immune to sickness and miasma.
Your stone body is resilient. (AC +6)
You are immune to poison.
You resist negative energy. (rN+)
You are resistant to electric shocks. (rElec)
You are resistant to unholy torment.
You are immune to petrification.


Message History

The killer bee stings you but does no damage.
The killer bee stings you.
* * * LOW HITPOINT WARNING * * *
You closely miss the killer bee.
The killer bee is severely wounded.
The killer bee completely misses you. The killer bee stings you.
* * * LOW HITPOINT WARNING * * *
You closely miss the killer bee.
The killer bee is severely wounded.
The killer bee stings you.
* * * LOW HITPOINT WARNING * * *
An orc comes into view. It is wielding a +0 club.
The killer bee closely misses you.
You miss the killer bee.
The killer bee is severely wounded.
The orc shouts!
The killer bee stings you.
* * * LOW HITPOINT WARNING * * *
The killer bee stings you but does no damage.
You hit the killer bee but do no damage.
The killer bee is severely wounded.
The killer bee stings you but does no damage. x2
You hit the killer bee.
The killer bee is severely wounded.
The killer bee stings you but does no damage.
The killer bee barely misses you.
You closely miss the killer bee.
The killer bee is severely wounded.
The killer bee stings you.
* * * LOW HITPOINT WARNING * * *
The killer bee stings you.
* * * LOW HITPOINT WARNING * * *
You block the killer bee's attack.
You barely miss the killer bee.
The killer bee is severely wounded.
The killer bee stings you but does no damage. x2
You closely miss the killer bee.
The killer bee is severely wounded.
The killer bee stings you.
You die...

#...........#
#.###..######
#..# #..#
#...# #..#
#...# #.##
#...# #.#
#...# #o#
#...# #@#
#...# #y#
#...###.#
#####..y#...#
........#.#.#
......y.....#
#####.#.#.###
#..|#.#
#####.#


You could see a killer bee and an orc.

Vanquished Creatures
  A wyvern (D:7)
  A steam dragon (D:7)
  An ogre (D:5)
  4 phantoms
  A bullfrog (D:6)
  9 scorpions
  3 killer bees (D:7)
  2 howler monkeys (D:7)
  A hound (D:3)
  2 orc priests
  5 iguanas
  Ijyb (D:4)
  An orc wizard (D:3)
  A sleepcap (D:6)
  4 gnolls (D:5)
  7 adders
  A shadow imp (D:5)
  5 white imps
  An ufetubus (D:3)
  2 worms
  6 orcs
  4 bats
  4 endoplasms
  19 goblins
  11 hobgoblins
  3 jackals (D:4)
  4 quokkas
  9 ball pythons
  2 frilled lizards
  8 kobolds
  5 rats
128 creatures vanquished.

Notes
Turn   | Place    | Note
-------+----------+-------------------------------------------
     0 | D:1      | AdnanSaban the Gargoyle Fighter began the quest for the
                  | Orb.
     0 | D:1      | Reached XP level 1. HP: 14/14 MP: 1/1
    98 | D:1      | Reached XP level 2. HP: 17/19 MP: 2/2
   215 | D:1      | Found Usugo's Antique Weapon Shop.
   360 | D:1      | Found a faded altar of an unknown god.
   513 | D:1      | Reached XP level 3. HP: 23/23 MP: 3/3
  1092 | D:2      | Found a shimmering altar of Xom.
  1435 | D:3      | Reached skill level 3 in Maces & Flails
  1439 | D:3      | Reached XP level 4. HP: 28/29 MP: 4/4
  1755 | D:3      | Reached XP level 5. HP: 29/33 MP: 5/5
  2357 | D:4      | Noticed a phantom
  2395 | D:4      | Killed a phantom
  2396 | D:4      | Reached skill level 4 in Maces & Flails
  2396 | D:4      | Reached XP level 6. HP: 20/39 MP: 6/6
  2758 | D:4      | Reached XP level 7. HP: 32/44 MP: 7/7
  2782 | D:4      | Reached skill level 5 in Maces & Flails
  2893 | D:4      | Reached skill level 5 in Armour
  3029 | D:4      | Noticed Ijyb
  3241 | D:4      | Killed Ijyb
  3326 | D:4      | Found Entob's Book Shoppe.
  3573 | D:5      | Entered Level 5 of the Dungeon
  3581 | D:4      | Reached skill level 5 in Fighting
  3824 | D:5      | Reached skill level 5 in Shields
  3824 | D:5      | Reached XP level 8. HP: 45/49 MP: 8/8
  3864 | D:5      | Reached skill level 6 in Maces & Flails
  4274 | D:5      | Found a radiant altar of Vehumet.
  4323 | D:5      | Found a shadowy altar of Dithmenos.
  4323 | D:5      | Found a sacrificial altar of Ru.
  4325 | D:5      | Found a hazy altar of Hepliaklqana.
  4325 | D:5      | Found an ornate altar of the Wu Jian Council.
  4325 | D:5      | Found a shimmering altar of Xom.
  4461 | D:6      | Found a staircase to the Ecumenical Temple.
  4475 | Temple   | Entered the Ecumenical Temple
  4485 | Temple   | Became a worshipper of Warmaster Okawaru
  4572 | D:6      | Reached skill level 7 in Maces & Flails
  4878 | D:6      | Found a hide-covered altar of Uskayaw.
  5489 | D:7      | Reached XP level 9. HP: 53/55 MP: 9/9
  5599 | D:7      | Reached * piety under Okawaru
  5642 | D:7      | Reached skill level 8 in Maces & Flails
  5656 | D:7      | Slain by a killer bee

Illustrated notes

Levels and vault maps discovered:
D:1:      dpeg_arrival_simpleton_c, layout_basic, serial_shops,
          nicolae_shop_real_fake_doors, chequers_ecumenical_altar_simple_redux
D:2:      layout_basic, basic_altar
D:3:      cheibrodos_greedy_goblins, layout_loops_corners,
          chequers_serial_rivers_room_b, corner_web_ring,
          minmay_misc_feat_pillars
D:4:      kennysheep_goblin_castle, layout_gridville, serial_shops,
          nicolae_shop_back_alley_shop
D:5:      layout_rooms, doesnt_xom_only_xom, feat_on_display
D:6:      layout_loops_ring, old_standard_altar, minmay_temple_entry_ruins,
          abandoned_shop
D:7:      layout_loops_ring, ebering_ghost_rock_garden
Temple:   nicolae_temple_x_marks_the_god

Skill      XL: |  1  2  3  4  5  6  7  8  9 |
---------------+----------------------------+-----
Maces & Flails | 3 4 5 7 8 |  8.0
Armour         | 4 5 6 |  6.7
Fighting       | 4 5 6 |  6.1
Shields        | 4 5 6 |  6.2
Dodging        | |  0.9

Action                     |  1- 3 |  4- 6 |  7- 9 || total
---------------------------+-------+-------+-------++-------
  Melee: Flail             |   115 |   169 |   325 ||   609
         Unarmed           |       |       |    18 ||    18
 Armour: Scale mail        |     9 |       |       ||     9
         Plate armour      |    85 |   120 |   256 ||   461
         Skin              |       |       |     4 ||     4
  Dodge: Dodged            |    34 |    58 |   112 ||   204
  Block: Buckler           |    19 |    33 |    76 ||   128

Table legend: (Time is in decaauts)
 A = Elapsed time spent in this place.
 B = Non-inter-level travel time spent in this place.
 C = Inter-level travel time spent in this place.
 D = Time resting spent in this place.
 E = Time spent auto-exploring this place.
 F = Levels seen in this place.
 G = Mean time per level.
                   A        B        C        D        E       F      G
               +--------+--------+--------+--------+--------+-----+--------+
         Total |   5756 |   5506 |    250 |    262 |   4006 |   8 |  719.5 |
       Dungeon |   5735 |   5503 |    232 |    262 |   4006 |   7 |  819.3 |
        Temple |     20 |      2 |     18 |      0 |      0 |   1 |   20.0 |
               +--------+--------+--------+--------+--------+-----+--------+

Top non-repeatable levels by time:
     D:4: 1452 daAuts
     D:3: 1134 daAuts
     D:6: 751 daAuts
     D:1: 684 daAuts
     D:5: 612 daAuts
     D:2: 584 daAuts
     D:7: 514 daAuts
  Temple: 20 daAuts
